 Dungeon Crawl Stone Soup version bcrawl-1.31.4 (webtiles) character file.

Game seed: 9655565129322941225

355276 Morbidden the Fighter (level 12, -19/112 HPs)
             Began as a Yellow Draconian Archaeologist on June 10, 2021.
             Was an Elder of Wu Jian.
             Demolished by Rupert
             ... wielding a +1 great mace of crushing
              (21 damage)
             ... on level 3 of the Lair of Beasts.
             The game lasted 00:24:24 (16044 turns).

Morbidden the Fighter (DrAc)                       Turns: 16044, Time: 00:24:24

Health: -19/112    AC: 14    Str: 14    XL:     12   Next: 66%
Magic:  23/23      EV: 15    Int: 18    God:    Wu Jian [****..]
Gold:   196        SH:  0    Dex:  9    Spells: 25/26 levels left

rFire    . . .     SeeInvis .   a - +4 lajatang (elec)
rCold    . . .     Gourm    .   (shield currently unavailable)
rNeg     . . .     Faith    .   (armour unavailable)
rPois    +         Spirit   .   c - +1 hat
rElec    .         Reflect  .   t - +1 cloak
rCorr    +         Harm     .   Q - +0 pair of gloves
MR       .....                  d - +1 pair of boots
Stlth    +++.......             (no amulet)
HPRegen  0.28/turn              y - ring of poison resistance (curse)
MPRegen  0.18/turn              M - +3 ring of slaying

@: lightly drained
A: spit acid, acid resistance, unfitting armour, horns 1, clever 1, clumsy 1,
weak 1, cold-blooded, AC +8
a: Breathe Acid, Wall Jump, Serpent's Lash, Heavenly Storm, Renounce Religion


You were on level 3 of the Lair of Beasts.
You worshipped Wu Jian.
Wu Jian was greatly pleased with you.
You were hungry.

You visited 3 branches of the dungeon, and saw 16 of its levels.
You visited 1 bazaar.
You also visited: Sewer.

You collected 991 gold pieces.
You spent 795 gold pieces at shops.

Inventory:

Hand Weapons
 a - a +4 lajatang of electrocution (weapon)
 b - a +0 blowgun
 o - a +3 morningstar
 L - a +1 scimitar of flaming
 T - the +3 falchion of Heny {vamp, MR+, unknown}
   (You found it on level 2 of the Lair of Beasts)

   It inflicts no extra harm, but heals its wielder when it wounds a living foe.
   It affects your resistance to hostile enchantments.
   Wu Jian disapproves of the use of such an item.
Missiles
 h - a curare-tipped needle
 p - 234 poisoned needles
 w - 330 poisoned tomahawks
 z - 51 needles of confusion
 R - 85 javelins (quivered)
Armour
 c - a +1 hat (worn)
 d - a +1 pair of boots (worn)
 t - a +1 cloak (worn)
 x - the +1 pair of boots "Jyhiulum" {-Cast rPois rF++}
   (You bought it in a shop on level 4 of the Dungeon)

   It greatly protects you from fire.
   It protects you from poison.
   It prevents spellcasting.
 Q - a +0 pair of gloves (worn)
Jewellery
 y - a cursed ring of poison resistance (left hand)
 A - an uncursed ring of fire
 J - an uncursed ring of protection from fire
 M - a +3 ring of slaying (right hand)
 U - a +5 ring of dexterity {unknown}
Wands
 B - a wand of acid (12)
 C - a wand of iceblast (10)
 D - a wand of enslavement (12)
 K - a wand of flame (4)
 O - a wand of polymorph (25)
Scrolls
 f - 2 scrolls of magic mapping
 i - 9 scrolls of identify
 k - a scroll of vulnerability
 m - a scroll of fog
 q - 6 scrolls of teleportation
 s - 3 scrolls of remove curse
 F - 2 scrolls of amnesia
 V - a scroll of immolation
 W - a scroll of fear
Potions
 g - a potion of lignification
 j - 5 potions of curing
 l - 4 potions of flight
 n - 2 potions of invisibility
 r - 2 potions of might
 v - a potion of degeneration
 E - 4 potions of agility
 G - 3 potions of haste
 I - 2 potions of brilliance
 N - a potion of magic
 P - 2 potions of resistance
Comestibles
 e - 28 rations {!d}


   Skills:
 * Level 12.0(11.4) Fighting
 + Level 0.4(0.0) Long Blades
 + Level 1.9(7.5) Maces & Flails
 + Level 12.0(11.5) Staves
 + Level 1.5(1.1) Throwing
 * Level 9.0(8.5) Dodging
 + Level 5.7(5.2) Stealth
 * Level 7.7(7.2) Spellcasting
 * Level 1.7(1.3) Conjurations


You had 25 spell levels left.
You knew the following spells:

 Your Spells              Type           Power        Failure   Level  Hunger
a - Magic Dart            Conj           ##..         6%          1    None

Your spell library contained the following spells:

 Spells                   Type           Power        Failure   Level  Hunger
 Apportation              Tloc           #.....       11%         1    None
 Blink Other              Tloc           #.....       11%         1    None
 Infusion                 Chrm           #.......     11%         1    None
 Sandblast                Erth           #.....       11%         1    None
 Slow                     Hex            #.......     11%         1    None
 Summon Butterflies       Summ           #.......     11%         1    None
 Blink                    Tloc           N/A          16%         2    None
 Dazzling Orbs            Conj/Hex       #......      24%         3    None
 Confuse                  Hex            #.......     32%         3    None
 Portal Projectile        Tloc           #.....       32%         3    None
 Teleport Other           Tloc           #.......     32%         3    None
 Fulminant Prism          Conj/Hex       #.........   63%         4    ###....
 Petrify                  Tmut/Erth      #.........   71%         4    ###....
 Yara's Violent Unravell  Hex/Tmut       #.........   71%         4    ###....
 Bolt of Draining         Conj/Necr      #.........   92%         5    #####..
 Metabolic Englaciation   Hex/Ice        #.........   96%         5    #####..
 Passage of Golubria      Tloc           N/A          96%         5    #####..
 Iron Shot                Conj/Erth      #.........   100%        6    ######.
 Poison Arrow             Conj/Pois      #.........   100%        6    ######.
 Mana Rupture             Conj/Hex       #.........   100%        7    #######
 Orb of Destruction       Conj           ##........   100%        7    #######
 Spellforged Servitor     Conj/Summ      #.........   100%        7    #######


Dungeon Overview and Level Annotations

Branches:
Dungeon (12/12)            Temple (1/1) D:7            Lair (3/6) D:8
    Orc (0/1) D:10         Vaults (0/3) D:12
  Swamp: Lair:2-4    Shoals: Lair:2-4     Snake: Lair:2-4    Spider: Lair:2-4
 Depths: D:12

Altars:
Cheibriados
Elyvilon
Fedhas
Gozag
Hepliaklqana
Kikubaaqudgha
Lugonu
Makhleb
Nemelex Xobeh
Okawaru
Qazlal
Ru
Sif Muna
Trog
Uskayaw
Vehumet
Wu Jian
Xom
Yredelemnul
Zin
The Shining One
Beogh

Shops:
D:4 }=[}   D:10 :

Annotations:
D:4 3 runed translucent doors, xsansara's ghost, amateur DDWr; yrara's ghost, amateur DsFi
D:7 2 transporters
Lair:3 exclusion: 3 oklob plants, Rupert


Innate Abilities, Weirdness & Mutations

You can spit globs of acid.
You are resistant to acid.
Your golden yellow scales are hard. (AC +8)
You cannot fit into any form of body armour.
You are cold-blooded and may be slowed by cold attacks.
You have a pair of small horns on your head.
Your mind is acute. (Int +2)
You are clumsy. (Dex -2)
You are weak. (Str -2)


Message History

* * * LOW HITPOINT WARNING * * *
Snnnck.
* * * LOW HITPOINT WARNING * * *
Unknown command.
Unknown command.
Unknown command.
Unknown command.
Unknown command.
Unknown command.
Okay, then.
Evoke which item? (* to show all) (? for menu, Esc to quit)
Okay, then.
Okay, then.
Okay, then.
Okay, then.
It was a potion of cancellation.
You feel magically purged.
You have got your breath back.
The porcupine closely misses you.
Rupert hits you with a +1 great mace of crushing!!
You die...

###### #:$P.# #.$$.# ###
#.P$(# ############ ##.#
#)|.P#
.##.##P.##.###.#####.PPP#.##.#
................@@............
.................r............
..............................
.....##.P.###P.####.#P........
............#### ####......P#
........P.### #≈≈≈.≈≈≈.
.##.......# ≈≈≈≈.≈≈≈≈
..##......# ≈≈##+##≈≈ ###


You could see Rupert (berserk), an oklob plant and a porcupine.

Vanquished Creatures
  Urug (D:11)
  A yaktaur captain (D:12)
  A hydra (Lair:1)
  Psyche (D:8)
  A centaur warrior (D:12)
  A two-headed ogre (D:7)
  A wolf spider zombie (D:10)
  A manticore (D:11)
  A black mamba (Lair:1)
  Joseph (D:10)
  2 cane toads
  3 gargoyles
  An efreet (D:7)
  A komodo dragon (Lair:1)
  3 yaktaurs
  A troll (D:7)
  Grinder (D:6)
  3 hippogriffs
  4 blink frogs (Lair:2)
  Sigmund (D:3)
  A wraith (D:11)
  A wyvern (D:9)
  A vampire (D:11)
  18 yaks
  3 hungry ghosts
  4 crocodiles
  2 water moccasins
  3 soldier ants (D:8)
  3 orc warriors
  3 porcupines
  A necrophage (D:8)
  2 ice beasts
  5 sky beasts
  2 black bears
  6 phantoms
  4 wolves (Lair:2)
  7 ogres
  6 centaurs
  11 bullfrogs
  2 big kobolds
  3 scorpions
  11 killer bees
  4 wights (D:6)
  7 crimson imps
  5 bullfrog zombies
  15 orc priests
  5 jellies
  3 centaur zombies
  2 centaur skeletons
  4 hounds
  5 iguanas
  14 orc wizards
  Terence (D:3)
  5 worker ants
  2 hound zombies
  2 hound skeletons (D:4)
  A howler monkey zombie (D:4)
  2 worker ant zombies
  10 gnolls
  2 howler monkey skeletons (D:4)
  15 adders
  2 river rats (Sewer)
  An ooze (D:4)
  An adder skeleton (D:7)
  An adder zombie (D:4)
  8 worms
  2 dart slugs
  4 leopard geckos (D:1)
  54 orcs
  3 giant cockroaches
  8 hobgoblins
  18 jackals
  22 kobolds
  A quokka (D:2)
  8 bats
  2 goblins
  A quokka skeleton (D:4)
  A quokka zombie (D:4)
  8 rats
378 creatures vanquished.

Vanquished Creatures (others)
  An adder skeleton (D:7)
  3 plants (Lair:3)
  3 toadstools (Lair:3)
7 creatures vanquished.

Grand Total: 385 creatures vanquished

Notes
Turn   | Place    | Note
-------+----------+-------------------------------------------
     0 | D:1      | Morbidden the Draconian Archaeologist began the quest for
                  | the Orb.
     0 | D:1      | Reached XP level 1. HP: 16/16 MP: 1/1
    98 | D:1      | Reached XP level 2. HP: 13/23 MP: 2/2
  1018 | D:2      | Reached XP level 3. HP: 22/28 MP: 3/3
  1590 | D:2      | Noticed an ogre
  1606 | D:2      | Killed an ogre
  1607 | D:2      | Reached skill level 1 in Spellcasting
  1607 | D:2      | Reached XP level 4. HP: 36/36 MP: 3/5
  1615 | D:2      | Reached XP level 5. HP: 29/42 MP: 3/6
  1615 | D:2      | Identified a scroll of acquirement
  1620 | D:2      | Identified the +2 pair of boots of Distant Shores {rElec
                  | rCorr} (You acquired it on level 2 of the Dungeon)
  1620 | D:2      | Identified the amulet of Hard Scrabble {Gourm MP-9 Int+5}
                  | (You acquired it on level 2 of the Dungeon)
  2132 | D:3      | Noticed Terence
  2144 | D:3      | Killed Terence
  2364 | D:3      | Noticed Sigmund
  2549 | D:3      | Reached skill level 1 in Staves
  2941 | D:3      | Reached XP level 6. HP: 35/51 MP: 8/8
  2985 | D:3      | Killed Sigmund
  3185 | D:4      | Found Unekhakh's Gadget Emporium.
  3215 | D:4      | Your scales start taking on a golden yellow colour.
  3215 | D:4      | Reached XP level 7. HP: 38/60 MP: 8/10
  3317 | D:4      | Found Xaho's Jewellery Emporium.
  3322 | D:4      | Reached skill level 5 in Fighting
  3732 | D:4      | Found Soikha Leolo's Gadget Shop.
  3772 | D:4      | Reached XP level 8. HP: 54/69 MP: 12/12
  3778 | D:4      | Found Uhieph's Antique Armour Shoppe.
  3801 | D:4      | Bought a pair of pitted boots for 190 gold pieces
  3801 | D:4      | Identified the +1 pair of boots "Jyhiulum" {-Cast rPois
                  | rF++} (You bought it in a shop on level 4 of the Dungeon)
  3899 | D:4      | Found a runed translucent gate.
  3900 | D:4      | Found a runed translucent gate.
  3901 | D:4      | Found a runed translucent gate.
  3902 | D:4      | Noticed xsansara's ghost (amateur DDWr)
  3903 | D:4      | Noticed yrara's ghost (amateur DsFi)
  4076 | D:4      | Found a sacrificial altar of Ru.
  4080 | D:4      | Found an ancient bone altar of Kikubaaqudgha.
  4085 | D:4      | Found a bloodstained altar of Trog.
  4317 | D:5      | Entered Level 5 of the Dungeon
  4317 | D:5      | Found a blossoming altar of Fedhas.
  4346 | D:5      | Reached skill level 5 in Dodging
  4421 | D:5      | Found a glowing drain.
  4426 | Sewer    | Entered a sewer
  4534 | Sewer    | Reached skill level 5 in Staves
  4575 | Sewer    | Found a white marble altar of Elyvilon.
  5320 | D:6      | Noticed a hippogriff
  5334 | D:6      | Killed a hippogriff
  5335 | D:6      | Reached XP level 9. HP: 64/78 MP: 13/15
  5514 | D:6      | Noticed Grinder
  5537 | D:6      | Killed Grinder
  5790 | D:6      | HP: 2/79 [bullfrog (9)]
  6650 | D:7      | Reached XP level 10. HP: 41/88 MP: 15/17
  7139 | D:7      | Noticed a two-headed ogre
  7145 | D:7      | Killed a two-headed ogre
  7146 | D:7      | Reached skill level 5 in Spellcasting
  7361 | D:7      | Found a transporter.
  7367 | D:7      | Found a transporter.
  7384 | D:7      | Found a sparkling altar of Nemelex Xobeh.
  7666 | D:7      | Found a staircase to the Ecumenical Temple.
  8058 | Temple   | Entered the Ecumenical Temple
  8306 | Temple   | Became a worshipper of the Wu Jian Council
  8418 | D:8      | Noticed Psyche
  8562 | D:8      | Killed Psyche
  8705 | D:8      | Reached * piety under Wu Jian
  8990 | D:8      | Found a shimmering blue altar of Sif Muna.
  9013 | D:8      | Reached XP level 11. HP: 90/97 MP: 19/19
  9093 | D:8      | Found a staircase to the Lair.
  9371 | D:8      | Found a snail-covered altar of Cheibriados.
  9530 | D:8      | Gained mutation: You have a pair of small horns on your
                  | head. [potion of mutation]
  9530 | D:8      | Gained mutation: You are clumsy. (Dex -2) [potion of
                  | mutation]
  9530 | D:8      | Gained mutation: You are weak. (Str -2) [potion of
                  | mutation]
  9530 | D:8      | Gained mutation: Your mind is acute. (Int +2) [potion of
                  | mutation]
  9540 | D:8      | Identified Sif Muna's Compendium of Confrontation (You
                  | found it on level 8 of the Dungeon)
  9984 | D:9      | Found a glowing silver altar of Zin.
  9984 | D:9      | Found a white marble altar of Elyvilon.
  9984 | D:9      | Found a glowing golden altar of the Shining One.
 10079 | D:9      | Reached skill level 1 in Throwing
 10100 | D:9      | Found a sacrificial altar of Ru.
 10475 | D:10     | Entered Level 10 of the Dungeon
 10515 | D:10     | Reached skill level 10 in Staves
 10611 | D:10     | Reached ** piety under Wu Jian
 10673 | D:10     | Found a bloodstained altar of Trog.
 10930 | D:10     | Reached skill level 10 in Fighting
 10936 | D:10     | Noticed Joseph
 10955 | D:10     | Killed Joseph
 11112 | D:10     | Reached skill level 5 in Stealth
 11302 | D:10     | Found a roughly hewn altar of Beogh.
 11302 | D:10     | Found a staircase to the Orcish Mines.
 11503 | D:10     | Found Bigoluj's Book Boutique.
 11760 | D:11     | Reached *** piety under Wu Jian
 11792 | D:11     | HP: 3/101 [manticore (7)]
 11893 | D:11     | Found a flickering gateway to a bazaar.
 11923 | Bazaar   | Entered a bazaar
 12010 | Bazaar   | Found Cerr's Antique Weapon Shoppe.
 12019 | Bazaar   | Found Sitodar's Antique Armour Shoppe.
 12030 | Bazaar   | Found Witisan's General Store.
 12041 | Bazaar   | Found Vuschojo's Gadget Emporium.
 12049 | Bazaar   | Found Beshraups's Distillery.
 12081 | Bazaar   | Bought a +3 ring of slaying for 165 gold pieces
 12081 | Bazaar   | Bought a scroll of teleportation for 24 gold pieces
 12104 | Bazaar   | Bought a potion of haste for 130 gold pieces
 12149 | Bazaar   | Bought 64 poisoned tomahawks for 51 gold pieces
 12149 | Bazaar   | Bought a potion of magic for 40 gold pieces
 12169 | Bazaar   | Bought a potion of resistance for 130 gold pieces
 12169 | Bazaar   | Bought 2 potions of curing for 65 gold pieces
 12486 | D:11     | Noticed Urug
 12496 | D:11     | Killed Urug
 12934 | D:12     | Entered Level 12 of the Dungeon
 12960 | D:12     | Found a white marble altar of Elyvilon.
 12981 | D:12     | Noticed a centaur warrior
 12987 | D:12     | Killed a centaur warrior
 12988 | D:12     | Reached XP level 12. HP: 68/110 MP: 22/22
 13112 | D:12     | Noticed a yaktaur captain
 13117 | D:12     | Found a gate to the Vaults.
 13125 | D:12     | Killed a yaktaur captain
 13548 | Lair:1   | Entered Level 1 of the Lair of Beasts
 13715 | Lair:1   | Learned a level 1 spell: Magic Dart
 14016 | Lair:1   | Noticed a seven-headed hydra
 14022 | Lair:1   | Killed a five-headed hydra
 14592 | Lair:2   | Reached skill level 1 in Conjurations
 14667 | Lair:2   | Got a masterwork falchion
 15047 | Lair:2   | Reached **** piety under Wu Jian
 16020 | Lair:3   | Noticed Rupert
 16027 | Lair:3   | Paralysed by Rupert for 4 turns
 16042 | Lair:3   | HP: 4/112 [Rupert/+1 great mace of crushing (15)]
 16042 | Lair:3   | HP: 1/112 [Rupert/+1 great mace of crushing (3)]
 16044 | Lair:3   | Demolished by Rupert

Skill      XL: |  1  2  3  4  5  6  7  8  9 10 11 12 |
---------------+-------------------------------------+-----
Dodging        | 3 4 5 6 7 8 9 |  9.0
Fighting       | 2 3 4 5 6 8 9 11 12 | 12.0
Spellcasting   | 1 2 4 5 6 7 |  7.7
Staves         | 1 4 6 7 9 11 12 | 12.0
Stealth        | 4 5 |  5.7
Throwing       | 1 |  1.5
Conjurations   | 1 |  1.7
Long Blades    | |  0.4
Maces & Flails | |  1.9

Action                   |  1- 3 |  4- 6 |  7- 9 | 10-12 || total
-------------------------+-------+-------+-------+-------++-------
Melee: Whip              |   157 |       |       |       ||   157
       Tailslap          |    13 |    10 |    29 |    51 ||   103
       Mace              |    10 |     2 |       |       ||    12
       Lajatang          |       |   125 |   347 |   620 ||  1092
       Headbutt          |       |       |       |    36 ||    36
       Scimitar          |       |       |       |     3 ||     3
 Fire: Blowgun           |     2 |    36 |       |       ||    38
Throw: Tomahawk          |       |       |     4 |    18 ||    22
       Javelin           |       |       |       |     4 ||     4
Invok: Whirlwind         |       |       |       |    28 ||    28
       Lunge             |       |       |       |    40 ||    40
 Abil: Breathe Acid      |       |       |    11 |    10 ||    21
       Serpent's Lash    |       |       |       |     1 ||     1
Evoke: Wand              |       |       |       |     2 ||     2
  Use: Potion            |     1 |       |     5 |    15 ||    21
       Scroll            |       |     6 |     3 |    12 ||    21
 Stab: Sleeping          |     2 |     4 |     8 |    11 ||    25
  Eat: Chunk             |     7 |    11 |    22 |    40 ||    80
       Ration            |       |       |     1 |     2 ||     3
Armor: Skin              |    75 |    57 |   135 |   194 ||   461
Dodge: Dodged            |   121 |   107 |   287 |   384 ||   899
